 Dungeon Crawl Stone Soup version 0.30.1-9-gdf580d7c3d (webtiles) character file.

Game seed: 2735345781232124247

20622 lonewolfV2 the Fighter (level 12, -9/102 HPs)
             Began as a Demonspawn Berserker on Oct 25, 2023.
             Was a High Priest of Trog.
             Mangled by a six-headed hydra (11 damage)
             ... on level 12 of the Dungeon.
             The game lasted 00:20:23 (13275 turns).

lonewolfV2 the Fighter (Demonspawn Berserker)      Turns: 13275, Time: 00:20:23

Health: -9/102     AC: 22    Str: 23    XL:     12   Next: 47%
Magic:  12/12      EV: 16    Int: 11    God:    Trog [*****.]
Gold:   928        SH:  0    Dex: 12    Spells: 11/11 levels left

rFire   + . .        z - +3 battleaxe (freeze)
rCold   + . .        (shield currently unavailable)
rNeg    . . .        B - +1 plate armour
rPois   .            u - +2 helmet
rElec   .            y - scarf {rC+ rF+}
rCorr   .            j - +0 pair of gloves
SInv    .            q - +0 pair of boots
Will    +....        d - amulet of the acrobat Stlth
                     r - ring of willpower
HPRegen 0.37/turn    m - +5 ring of evasion
MPRegen 0.13/turn

%: acrobat
@: about to teleport, on berserk cooldown, slowed, very slow
A: spiny 3, big brain 1, demonic touch 2
a: Renounce Religion, Berserk, Trog's Hand, Brothers in Arms


You were on level 12 of the Dungeon.
You worshipped Trog.
Trog was extremely pleased with you.
You visited 1 branch of the dungeon, and saw 12 of its levels.

You collected 928 gold pieces.

Inventory:

Hand Weapons
 a - a +0 hand axe of venom
 z - a +3 battleaxe of freezing (weapon)
Missiles
 E - 3 silver javelins (quivered)
 I - 2 throwing nets
Armour
 j - a +0 pair of gloves (worn)
 q - a +0 pair of boots (worn)
 u - a +2 helmet (worn)
 x - a +0 helmet
 y - a scarf of resistance (worn)
 B - a +1 plate armour (worn)
Jewellery
 d - an amulet of the acrobat (around neck)
 m - a +5 ring of evasion (right hand)
 o - a ring of magical power
 r - a ring of willpower (left hand)
 t - a ring of flight
 D - a ring of ice
 J - a ring of willpower
Wands
 b - a wand of charming (12)
 H - a wand of polymorph (3)
Scrolls
 e - 3 scrolls of teleportation
 n - 2 scrolls of enchant weapon
 v - a scroll of fear
 F - a scroll of fog
Potions
 c - 4 potions of lignification
 f - 3 potions of curing
 g - 3 potions of heal wounds
 h - 3 potions of attraction
 i - 2 potions of magic
 k - 4 potions of flight
 l - 4 potions of mutation
 p - 2 potions of haste
 s - 2 potions of brilliance
 w - a potion of berserk rage
 A - 3 potions of invisibility
 C - a potion of resistance {unknown}
 G - 2 potions of might
 K - 2 potions of degeneration {unknown}


   Skills:
 * Level 11.8 Fighting
 + Level 6.3 Axes
 + Level 11.0 Armour
 + Level 11.0 Dodging


You had 11 spell levels left.
You didn't know any spells.
Your spell library was empty.

Dungeon Overview and Level Annotations

Branches:
Dungeon (12/15)            Temple (0/1) D:5            Lair (0/5) D:10
    Orc (0/2) D:11

Altars:
Ashenzari
Hepliaklqana
Makhleb
Nemelex Xobeh
Okawaru
Qazlal
Sif Muna

Shops:
D:5 =   D:8 :

Annotations:
D:9 2 transporters, mkat's ghost, novice MiVM


Innate Abilities, Weirdness & Mutations

You are completely covered in sharp spines.
You have an unusually large brain. (Int +2)
Your touch may inflict irresistible damage on your foes.


Message History

You kill the yaktaur!
Trog accepts your kill.
Your Dodging skill increases to level 11!
There is an open door, spattered with blood here.
Things that are here:
3 large rocks; a stone giant corpse You feel much better.
The centaur warrior closely misses you. The centaur warrior misses you.
The six-headed hydra bites you but does no damage. x2
The six-headed hydra bites you.
The six-headed hydra bites you but does no damage.
The six-headed hydra bites you.
* * * LOW HITPOINT WARNING * * *
The six-headed hydra bites you.
* * * LOW HITPOINT WARNING * * *
A very large slime creature splits.
You feel much better.
The centaur warrior hits you but does no damage.
The centaur warrior kicks you but does no damage.
The six-headed hydra bites you but does no damage.
The six-headed hydra closely misses you.
The six-headed hydra bites you!
The six-headed hydra bites you but does no damage. x3
The centaur warrior closely misses you. The centaur warrior misses you.
The six-headed hydra bites you but does no damage.
The six-headed hydra bites you! x2
* * * LOW HITPOINT WARNING * * *
The six-headed hydra bites you but does no damage. x3
As you read the scroll of teleportation, it crumbles to dust.
You feel strangely unstable.
The centaur warrior is struck by your spines.
The centaur warrior hits you with a +6 heavy war axe!
* * * LOW HITPOINT WARNING * * *
The centaur warrior kicks you but does no damage.
The six-headed hydra bites you.
* * * LOW HITPOINT WARNING * * *
The six-headed hydra bites you!
* * * LOW HITPOINT WARNING * * *
The six-headed hydra bites you!
You die... .. ##'### #|....# ....... .. .... lY...

. .. #... #######
W9J#... ..##...
##.....##cHJ.... #
.....
#....[..@DpcD... #.
#...##..[...)##lRp.)#
.. #..#.........#
#'###
...##..##.......## ..
...>#...(....[..# .
...^###.##.....##
....##...#######
..............#
.......###.....


You could see a six-headed hydra, a hell knight (fast), a large slime creature,
a slime creature, a centaur warrior, a manticore, a komodo dragon, a yaktaur, a
wizard, a yak, an efreet, a basilisk, a wraith, an acid dragon and a gargoyle.

Vanquished Creatures
  A stone giant (D:12)
  Snorg (D:10)
  3 boulder beetles
  A two-headed ogre (D:11)
  Urug (D:12)
  Sonja (D:11)
  Nergalle (D:11)
  Amaemon (D:10)
  A deep elf pyromancer (D:12)
  An orc sorcerer (D:12)
  A cyclops (D:12)
  3 ugly things
  3 manticores
  An orange demon (D:10)
  A komodo dragon (D:10)
  A freezing wraith (D:12)
  2 unseen horrors
  A yaktaur (D:12)
  A kobold demonologist (D:6)
  2 trolls (D:12)
  Grinder (D:4)
  A centaur simulacrum (D:12)
  3 shadows
  2 wraiths
  A wyvern (D:10)
  A vampire (D:9)
  6 yaks
  3 steam dragons
  An acid dragon (D:12)
  2 water moccasins
  A black bear (D:8)
  6 orc warriors
  2 sky beasts (D:7)
  3 ice beasts
  6 ogres
  7 centaurs
  4 kobold brigands
  A gnoll sergeant (D:11)
  2 bullfrogs
  4 scorpions
  11 wights
  17 killer bees
  5 howler monkeys
  2 hounds
  2 jellies (D:7)
  11 orc priests
  4 iguanas
  3 sleepcaps
  14 orc wizards
  11 gnolls
  12 adders
  A shadow imp (D:6)
  4 white imps
  An ufetubus (D:6)
  3 worms
  48 orcs
  5 bats
  3 endoplasms
  A giant cockroach (D:2)
  7 goblins
  10 hobgoblins
  6 jackals
  24 kobolds
  2 quokkas (D:3)
  3 ball pythons
  A frilled lizard (D:1)
  9 rats
  A spectral goblin (D:2)
306 creatures vanquished.

Vanquished Creatures (others)
  A phantasmal warrior (D:12)
  A slime creature (D:12)
  An orc priest (D:7)
3 creatures vanquished.

Grand Total: 309 creatures vanquished

Notes
Turn   | Place    | Note
-------+----------+-------------------------------------------
     0 | D:1      | lonewolfV2 the Demonspawn Berserker began the quest for the
                  | Orb.
     0 | D:1      | Reached XP level 1. HP: 18/18 MP: 1/1
    79 | D:1      | Gained mutation: You are partially covered in sharp spines.
                  | [demonic ancestry]
    79 | D:1      | Reached XP level 2. HP: 22/24 MP: 2/2
   775 | D:2      | Reached ** piety under Trog
   782 | D:2      | Gained mutation: You are mostly covered in sharp spines.
                  | [demonic ancestry]
   782 | D:2      | Reached XP level 3. HP: 23/29 MP: 3/3
   927 | D:2      | Found a sparkling altar of Nemelex Xobeh.
  1167 | D:2      | Reached XP level 4. HP: 35/35 MP: 4/4
  1178 | D:2      | Found a faded altar of an unknown god.
  1487 | D:3      | Found a burning altar of Makhleb.
  1668 | D:3      | Identified the +5 dagger "Onosmaym" {venom, Dex+2}
  1714 | D:3      | Reached XP level 5. HP: 41/41 MP: 5/5
  2708 | D:4      | Gained mutation: Your touch may inflict minor irresistible
                  | damage on your foes. [demonic ancestry]
  2708 | D:4      | Reached XP level 6. HP: 44/48 MP: 6/6
  2876 | D:4      | Reached *** piety under Trog
  2945 | D:4      | Noticed Grinder
  2952 | D:4      | Killed Grinder
  2953 | D:4      | Reached XP level 7. HP: 40/55 MP: 7/7
  3035 | D:4      | Reached skill level 5 in Armour
  3739 | D:5      | Entered Level 5 of the Dungeon
  3739 | D:5      | Found Daisku's Jewellery Boutique.
  3748 | D:5      | Reached skill level 5 in Dodging
  3960 | D:5      | Noticed a yak
  3962 | D:5      | Noticed a yak
  3963 | D:5      | Noticed a yak
  3964 | D:5      | Noticed a yak
  3966 | D:5      | Noticed a yak
  3971 | D:5      | Killed a yak
  3973 | D:5      | Killed a yak
  3974 | D:5      | Reached skill level 5 in Fighting
  3974 | D:5      | Gained mutation: Your touch may inflict irresistible damage
                  | on your foes. [demonic ancestry]
  3974 | D:5      | Reached XP level 8. HP: 62/62 MP: 8/8
  4472 | D:5      | Found a shimmering blue altar of Sif Muna.
  4511 | D:5      | Found a staircase to the Ecumenical Temple.
  4926 | D:6      | Found a broken altar of Ashenzari.
  4932 | D:6      | Gained mutation: You are completely covered in sharp
                  | spines. [demonic ancestry]
  4932 | D:6      | Reached XP level 9. HP: 60/69 MP: 9/9
  5661 | D:6      | Noticed a kobold demonologist
  5663 | D:6      | Killed an unseen horror
  5667 | D:6      | Noticed a red devil
  5674 | D:6      | Killed a kobold demonologist
  6260 | D:7      | Reached XP level 10. HP: 35/79 MP: 10/10
  6890 | D:7      | Reached **** piety under Trog
  8008 | D:8      | Found Utwodal's Book Boutique.
  8291 | D:8      | Found a hazy altar of Hepliaklqana.
  8323 | D:8      | Found a sparkling altar of Nemelex Xobeh.
  8372 | D:9      | Noticed mkat's ghost (novice MiVM)
  8457 | D:9      | Found a transporter.
  8460 | D:9      | Found a transporter.
  8882 | D:9      | Found a stormy altar of Qazlal.
  9194 | D:9      | Found an iron altar of Okawaru.
  9268 | D:9      | Reached ***** piety under Trog
  9647 | D:10     | Entered Level 10 of the Dungeon
  9673 | D:10     | Identified the +7 longbow of the Magi {speed, Int-3 Dex+6
                  | SInv}
  9701 | D:10     | Found a staircase to the Lair.
  9876 | D:10     | Noticed Amaemon
  9877 | D:10     | Noticed an orange demon
  9893 | D:10     | Killed Amaemon
  9894 | D:10     | Reached XP level 11. HP: 77/87 MP: 11/11
 10247 | D:10     | Noticed Snorg
 10258 | D:10     | Killed Snorg
 10512 | D:10     | Reached skill level 10 in Armour
 10792 | D:10     | Reached skill level 10 in Dodging
 11040 | D:11     | Noticed Nergalle
 11056 | D:11     | Killed Nergalle
 11441 | D:11     | Noticed Sonja
 11455 | D:11     | Killed Sonja
 11585 | D:11     | Reached skill level 10 in Fighting
 11806 | D:11     | Noticed a two-headed ogre
 11806 | D:11     | Noticed a boulder beetle
 11818 | D:11     | Killed a two-headed ogre
 11819 | D:11     | Reached skill level 5 in Axes
 11846 | D:11     | Killed a boulder beetle
 12222 | D:11     | Noticed a purple ugly thing
 12223 | D:11     | Found a staircase to the Orcish Mines.
 12230 | D:11     | Killed a purple ugly thing
 12640 | D:12     | Noticed a deep elf pyromancer
 12646 | D:12     | Killed a deep elf pyromancer
 12690 | D:12     | Noticed Urug
 12700 | D:12     | Killed Urug
 12769 | D:12     | Noticed a purple ugly thing
 12773 | D:12     | Noticed a boulder beetle
 12773 | D:12     | Noticed a boulder beetle
 12774 | D:12     | Killed a purple ugly thing
 12775 | D:12     | Gained mutation: You have an unusually large brain. (Int
                  | +2) [demonic ancestry]
 12775 | D:12     | Reached XP level 12. HP: 99/99 MP: 12/12
 12786 | D:12     | Killed a boulder beetle
 12800 | D:12     | Killed a boulder beetle
 13154 | D:12     | Identified the +0 leather armour of Mezcal {rF+ Will++}
 13248 | D:12     | Noticed a six-headed hydra
 13258 | D:12     | Noticed a stone giant
 13259 | D:12     | Noticed a centaur warrior
 13266 | D:12     | Killed a stone giant
 13275 | D:12     | HP: 2/102 [six-headed hydra (11)]
 13275 | D:12     | Mangled by a six-headed hydra

Illustrated notes

Levels and vault maps discovered:
D:1:      matt_arrival_los_fun, layout_rooms, nicolae_figureground_sparkle
D:2:      layout_rooms, basic_altar, dreamdust_ecumenical_altar_drowned_temple
D:3:      layout_basic, bloody_makhleb, serial_curves, eino_curves_04,
          eino_curves_03
D:4:      cheibrodos_pilgrimage, layout_layer_cave, nicolae_nh_ransacked_shop,
          uniq_grinder
D:5:      layout_basic, gammafunk_temple_overflow_pools,
          minmay_temple_entry_glass, serial_shops, nicolae_stop_n_shop_1
D:6:      kennysheep_windowed_halls, layout_rooms, cheibrodos_ashenzari_chains,
          grunt_ministairs_5
D:7:      layout_basic, hangedman_decor_growths
D:8:      layout_rooms, mainiacjoe_overflow_two_lobes, serial_shops, shop
D:9:      layout_layer_cave, okawaru_altar_gauntlet_db,
          mainiacjoe_overflow_boulevard, gammafunk_ghost_hive
D:10:     layout_irregular_city, lair_entry_dummy, uniq_amaemon, uniq_snorg
D:11:     layout_roguey, uniq_sonja, uniq_nergalle
D:12:     minmay_heptahexagon, layout_cave_pools, uniq_urug

Skill      XL: |  1  2  3  4  5  6  7  8  9 10 11 12 |
---------------+-------------------------------------+-----
Armour         | 2 3 4 5 7 8 9 10 11 | 11.0
Dodging        | 2 3 4 5 7 8 9 10 11 | 11.0
Fighting       | 4 5 6 7 8 10 11 | 11.8
Axes           | 3 5 6 |  6.3

Action                     |  1- 3 |  4- 6 |  7- 9 | 10-12 || total
---------------------------+-------+-------+-------+-------++-------
  Melee: Hand axe          |    45 |    82 |    64 |       ||   191
         Punch             |       |     1 |     1 |       ||     2
         Touch             |       |     3 |    15 |       ||    18
         Battleaxe         |       |       |    65 |   299 ||   364
 Invoke: Trog's Hand       |       |       |     5 |     5 ||    10
         Berserk           |       |       |     4 |     9 ||    13
    Use: Scroll            |     2 |     6 |     8 |     9 ||    25
         Potion            |       |       |     1 |     3 ||     4
 Armour: Animal skin       |     1 |       |       |       ||     1
         Scale mail        |     6 |    21 |       |       ||    27
         Chain mail        |       |     6 |    62 |    11 ||    79
         Plate armour      |       |       |       |   235 ||   235
  Dodge: Dodged            |    39 |    46 |   118 |   419 ||   622
